 Dungeon Crawl Stone Soup version 0.19.4-8-ga85b6b9 (webtiles) character file.

7001 Griselidis the Archer (level 10, -2/86 HPs)
             Began as a Centaur Hunter on Feb 11, 2017.
             Was a Priest of Fedhas.
             Killed from afar by a gargoyle (24 damage)
             ... with a stone arrow
             ... on level 10 of the Dungeon.
             The game lasted 00:55:38 (11734 turns).

Griselidis the Archer (Centaur Hunter)             Turns: 11734, Time: 00:55:38

Health: -2/86      AC: 12    Str: 15    XL:     10   Next: 82%
Magic:  14/14      EV:  4    Int: 10    God:    Fedhas [***...]
Gold:   692        SH:  0    Dex: 13    Spells: 0 memorised, 9 levels left

rFire  . . .     SeeInvis +     n - +1 shortbow
rCold  + . .     Gourm    .     x - +4 chain mail {rN+}
rNeg   + . .     Faith    .     (shield currently unavailable)
rPois  .         Spirit   .     O - +0 helmet
rElec  .         Reflect  .     (no cloak)
rCorr  .         Harm     .     (no gloves)
MR     .....                    (no barding)
Stlth  ..........               g - amulet of rage
                                p - ring of see invisible
                                o - ring of protection from cold

@: very quick
A: hooves 3, deformed body, speed 2, tough skin 3
a: Fungal Bloom, Evolution, Sunlight, Growth, Renounce Religion, Evoke Berserk
Rage


You were on level 10 of the Dungeon.
You worshipped Fedhas.
Fedhas was most pleased with you.
You were not hungry.

You visited 2 branches of the dungeon, and saw 11 of its levels.

You collected 692 gold pieces.

Inventory:

Hand Weapons
 b - a +0 blowgun
 l - a +2 scimitar of protection
 m - a +4 dagger of venom
 n - a +1 shortbow (weapon)
 z - a +1 short sword of protection
 M - a +3 dagger
 N - a +2 antimagic short sword
Missiles
 d - 98 arrows (quivered)
 h - 43 poisoned needles
Armour
 i - a cursed +0 leather armour
 x - a +4 chain mail of positive energy (worn)
 E - a +3 leather armour of magic resistance
 O - a +0 helmet (worn)
Jewellery
 g - an amulet of rage (around neck)
 o - a ring of protection from cold (left hand)
 p - a ring of see invisible (right hand)
 r - an uncursed ring of ice
Wands
 K - a wand of acid (14/15)
Scrolls
 k - 5 scrolls of teleportation {unknown}
 s - 2 scrolls of enchant armour
 u - 4 scrolls of identify
 w - 3 scrolls of amnesia {unknown}
 y - a scroll of fear {unknown}
 D - 2 scrolls of random uselessness {unknown}
 F - a scroll of recharging {unknown}
 H - a scroll of enchant weapon
 J - a scroll of immolation {unknown}
Potions
 a - a potion of ambrosia
 e - 3 potions of lignification
 q - 2 potions of heal wounds
 v - a potion of resistance
 A - 4 potions of flight
 C - a potion of cure mutation
 I - a potion of curing
Comestibles
 c - 4 chunks of flesh
 f - 8 bread rations
 j - 3 slices of pizza
 B - 2 beef jerkies
 G - 4 meat rations


   Skills:
 + Level 7.3 Fighting
 + Level 6.2 Short Blades
 * Level 13.6 Bows
 - Level 6.0 Throwing
 - Level 1.3 Dodging
 - Level 0.4 Stealth
 + Level 6.4 Invocations
 - Level 2.7 Evocations


You had 9 spell levels left.
You didn't know any spells.

Dungeon Overview and Level Annotations

Branches:
Dungeon (10/15)            Temple (1/1) D:5
   Lair: D:8-11         Orc: D:9-12

Altars:
Ashenzari
Cheibriados
Dithmenos
Elyvilon
Fedhas
Gozag
Hepliaklqana
Kikubaaqudgha
Makhleb
Nemelex Xobeh
Okawaru
Qazlal
Ru
Sif Muna
Trog
Uskayaw
Vehumet
Xom
Yredelemnul
Zin
The Shining One
Beogh


Innate Abilities, Weirdness & Mutations

You have hooves in place of feet.
Armour fits poorly on your strangely shaped body.
You cover ground very quickly.
You have extremely tough skin. (AC +3)


Message History

The yak bellows!
The yak barely misses you.
There is an escape hatch in the ceiling here.
Firing (i - inventory):
d - 100 arrows (quivered)
Press: ? - help, Shift-Dir - straight line, f/p - gargoyle
Aim: a gargoyle, wielding a mace of protection (severely damaged)
You shoot an arrow. The arrow barely misses the gargoyle.
You hear a bellow!
Firing (i - inventory):
d - 99 arrows (quivered)
Press: ? - help, Shift-Dir - straight line, f/p - gargoyle
Aim: a gargoyle, wielding a mace of protection (severely damaged)
You shoot an arrow. The arrow barely misses the gargoyle.
The yak gores you.
The gargoyle hurls a stone arrow at you.
The stone arrow hits you! The yak gores you. The yak gores you!
* * * LOW HITPOINT WARNING * * *
The gargoyle hurls a stone arrow at you.
The stone arrow hits you!
You die...
Fedhas appreciates your contribution to the ecosystem.

### ##.##
##.#.#############
#.###÷.((((÷9..(.#
##.#[###########9#
##.## ##.#######
###(# #........#
(.(.# #.@#####..
##### #YY# #Y## .Y
.#. #.#. #### # #.
...# #. ...#


You could see 4 yaks and a gargoyle.

Vanquished Creatures
  Joseph (D:8)
  A troll (D:9)
  A hippogriff (D:10)
  Sigmund (D:5)
  10 yaks
  Eustachio (D:5)
  A steam dragon (D:10)
  A water moccasin (D:8)
  3 ice beasts
  2 phantoms
  A black bear (D:7)
  2 eyes of draining
  7 orc warriors
  6 sky beasts
  2 centaurs
  5 bullfrogs
  3 scorpions
  A water moccasin skeleton (D:10)
  3 wights (D:8)
  A howler monkey (D:4)
  2 crimson imps
  A bullfrog zombie (D:5)
  2 hounds
  3 jellies
  5 orc priests
  A gnoll shaman (D:5)
  3 bullfrog skeletons
  6 iguanas
  9 orc wizards
  6 worker ants
  6 gnolls
  11 adders
  3 howler monkey skeletons
  6 shadow imps
  2 oozes (D:1)
  An adder skeleton (D:6)
  2 dart slugs
  4 worms
  3 leopard geckos
  57 orcs
  8 bats
  3 giant cockroaches
  11 goblins
  9 hobgoblins
  17 jackals
  3 quokkas
  8 frilled lizards
  A jackal skeleton (D:6)
  21 kobolds
  A leopard gecko skeleton (D:7)
  A quokka zombie (D:6)
  5 rats
274 creatures vanquished.

Vanquished Creatures (others)
  A necrophage (D:7)
  A worker ant zombie (D:6)
  118 toadstools
120 creatures vanquished.

Grand Total: 394 creatures vanquished

Notes
Turn   | Place    | Note
-------+----------+-------------------------------------------
     0 | D:1      | Griselidis the Centaur Hunter began the quest for the Orb.
     0 | D:1      | Reached XP level 1. HP: 17/17 MP: 1/1
   260 | D:1      | Reached XP level 2. HP: 23/24 MP: 2/2
   772 | D:1      | Reached skill level 6 in Bows
   824 | D:1      | Reached XP level 3. HP: 30/30 MP: 3/3
  1510 | D:2      | Reached skill level 1 in Short Blades
  1863 | D:2      | Reached XP level 4. HP: 36/37 MP: 4/4
  1992 | D:2      | You fall through a shaft for 2 floors!
  2006 | D:4      | Found a sand-covered staircase.
  2012 | D:4      | Found a basalt altar of Yredelemnul.
  2094 | D:4      | Reached skill level 7 in Bows
  2094 | D:4      | Reached XP level 5. HP: 31/45 MP: 5/5
  2101 | D:4      | Found a burning altar of Makhleb.
  2132 | D:4      | Reached skill level 1 in Evocations
  2302 | D:4      | Reached XP level 6. HP: 16/51 MP: 5/7
  3689 | D:3      | Found a deep blue altar of Sif Muna.
  3797 | D:3      | Reached skill level 1 in Throwing
  3885 | D:3      | You fall through a shaft for 3 floors!
  3898 | D:5      | Entered Level 5 of the Dungeon
  3911 | D:5      | Reached skill level 8 in Bows
  3983 | D:5      | Noticed Sigmund
  3987 | D:5      | Noticed a sky beast
  4034 | D:5      | Killed a sky beast
  4042 | D:5      | Killed Sigmund
  4042 | D:5      | Reached XP level 7. HP: 32/59 MP: 8/8
  4764 | D:5      | Reached skill level 9 in Bows
  4873 | D:5      | Noticed Eustachio
  4898 | D:5      | Killed Eustachio
  4898 | D:5      | Reached XP level 8. HP: 23/67 MP: 8/10
  4992 | D:5      | Found a staircase to the Ecumenical Temple.
  4997 | Temple   | Entered the Ecumenical Temple
  5029 | Temple   | Became a worshipper of Fedhas Madash
  5418 | D:4      | Reached skill level 1 in Invocations
  5597 | D:3      | Found a glowing silver altar of Zin.
  6541 | D:6      | Reached skill level 10 in Bows
  6777 | D:6      | Reached skill level 5 in Fighting
  6810 | D:6      | Found a sparkling altar of Nemelex Xobeh.
  6811 | D:6      | Found an opulent altar of Gozag.
  7160 | D:6      | Reached XP level 9. HP: 58/74 MP: 11/11
  7495 | D:7      | Found a hide-covered altar of Uskayaw.
  7598 | D:7      | Reached skill level 11 in Bows
  7842 | D:7      | Reached skill level 5 in Throwing
  8069 | D:7      | Found a snail-covered altar of Cheibriados.
  8105 | D:7      | Reached * piety under Fedhas
  8557 | D:8      | Found a bloodstained altar of Trog.
  8731 | D:8      | Reached skill level 5 in Short Blades
  9112 | D:8      | Noticed Joseph
  9185 | D:8      | Killed Joseph
  9185 | D:8      | Reached skill level 12 in Bows
  9449 | D:8      | Reached XP level 10. HP: 79/83 MP: 13/13
  9687 | D:8      | Found a roughly hewn altar of Beogh.
  9725 | D:8      | Reached skill level 5 in Invocations
  9867 | D:8      | Reached ** piety under Fedhas
 10561 | D:9      | Found a stormy altar of Qazlal.
 11010 | D:9      | Reached skill level 13 in Bows
 11472 | D:9      | Found a glowing golden altar of the Shining One.
 11535 | D:10     | Entered Level 10 of the Dungeon
 11642 | D:10     | Reached *** piety under Fedhas
 11666 | D:10     | Noticed a gargoyle
 11734 | D:10     | Killed from afar by a gargoyle

Skill      XL: |  1  2  3  4  5  6  7  8  9 10 |
---------------+-------------------------------+-----
Bows           | 6 7 8 9 10 12 13 | 13.6
Short Blades   | 1 2 3 4 5 6 |  6.2
Fighting       | 3 4 5 6 7 |  7.3
Evocations     | 1 2 |  2.7
Throwing       | 1 3 4 5 6 |  6.0
Invocations    | 3 4 6 |  6.4
Dodging        | |  1.3
Stealth        | |  0.4

Action                   |  1- 3 |  4- 6 |  7- 9 | 10-12 || total
-------------------------+-------+-------+-------+-------++-------
Melee: Short sword       |    37 |       |       |       ||    37
       Kick              |    19 |    43 |   127 |    74 ||   263
       Dagger            |    76 |   204 |   447 |   233 ||   960
 Fire: Shortbow          |       |    24 |   127 |    37 ||   188
       Blowgun           |       |       |    10 |    57 ||    67
Invok: Fungal Bloom      |       |       |    22 |    22 ||    44
       Sunlight          |       |       |       |     2 ||     2
  Use: Scroll            |     3 |    11 |       |     3 ||    17
       Potion            |       |     1 |     1 |       ||     2
  Eat: Chunk             |     2 |     6 |    14 |     6 ||    28
Armor: Leather armour    |    33 |    25 |       |       ||    58
       Scale mail        |       |    47 |   177 |       ||   224
       Chain mail        |       |       |       |    90 ||    90
Dodge: Dodged            |    48 |    57 |   134 |    42 ||   281
